 Dungeon Crawl Stone Soup version 0.25.1-11-g244df3a29b (webtiles) character file.

Game seed: 11484969375008723764

225 MisterAzrael the Chopper (level 6, -9/52 HPs)
             Began as a Hill Orc Skald on Sept 12, 2022.
             Mangled by an iguana (13 damage)
             ... on level 4 of the Dungeon.
             The game lasted 00:04:50 (3254 turns).

MisterAzrael the Chopper (Hill Orc Skald)           Turns: 3254, Time: 00:04:50

Health: -9/52      AC:  7    Str: 16    XL:     6   Next: 1%
Magic:  7/7        EV: 11    Int: 13    God:
Gold:   94         SH:  0    Dex: 10    Spells: 5/8 levels left

rFire    . . .     SeeInvis .   a - +0 hand axe
rCold    . . .     Gourm    .   (no shield)
rNeg     . . .     Faith    .   b - +0 leather armour
rPois    .         Spirit   .   p - +2 hat
rElec    .         Reflect  .   (no cloak)
rCorr    .         Harm     .   (no gloves)
MR       .....                  (no boots)
Stlth    +.........             (no amulet)
HPRegen  0.17/turn              (no ring)
MPRegen  0.10/turn              (no ring)

@: mighty, singing
A: low mp 1, sense surroundings 1, shaggy fur 2
a: no special abilities


You were on level 4 of the Dungeon.
You were not hungry.

You visited 1 branch of the dungeon, and saw 4 of its levels.

You collected 94 gold pieces.

Inventory:

Hand Weapons
 a - a +0 hand axe (weapon)
Armour
 b - a +0 leather armour (worn)
 p - a +2 hat (worn)
Scrolls
 c - 2 scrolls of enchant armour {unknown}
 e - 4 scrolls of remove curse
 h - 2 scrolls of identify
 i - 3 scrolls of teleportation {unknown}
 j - a scroll of enchant weapon {unknown}
Potions
 f - 2 potions of magic
 k - a potion of invisibility {unknown}
 l - a potion of resistance {unknown}
 m - 2 potions of might
 n - a potion of cancellation {unknown}
Comestibles
 d - 4 rations


   Skills:
 + Level 4.1 Fighting
 + Level 5.0 Axes
 - Level 1.5 Armour
 - Level 1.8 Dodging
 - Level 0.1 Stealth
 - Level 1.8 Spellcasting
 + Level 3.9 Charms


You had 5 spell levels left.
You knew the following spells:

 Your Spells              Type           Power        Failure   Level  Hunger
a - Infusion              Chrm           ##..         6%          1    ##.....
b - Song of Slaying       Chrm           ##......     10%         2    ###....

Your spell library contained the following spells:

 Spells                   Type           Power        Failure   Level  Hunger
 Shroud of Golubria       Chrm/Tloc      #.....       22%         2    ###....
 Ozocubu's Armour         Chrm/Ice       #.......     38%         3    ####...
 Spectral Weapon          Hex/Chrm       #.......     38%         3    ####...


Dungeon Overview and Level Annotations

Branches:
Dungeon (4/15)
 Temple: D:4-7

Altars:


Innate Abilities, Weirdness & Mutations

Your magical capacity is low. (-10% MP)
You passively map a small area around you.
You are covered in thick fur. (AC +2)


Message History

You hit the worker ant.
The worker ant is heavily wounded.
The worker ant misses you.
You slash the worker ant!
You kill the worker ant!
Your Fighting skill increases to level 4!
Your Axes skill increases to level 5!
You have reached level 6!
Your experience leads to an increase in your attributes!
Increase (S)trength, (I)ntelligence, or (D)exterity?
You feel stronger.
It was a potion of mutation.
You feel extremely strange. Fur sprouts all over your body.
You feel less energetic.
You feel a strange attunement to the structure of the dungeons.
Your fur grows into a thick mane.
The iguana bites you but does no damage.
You slash the iguana!
The iguana is severely wounded.
The iguana bites you!
You die...

, ####.#..
... #..>.#..
,... *
#.####.. ,
... #.# #(..
* #.# ###.#
#... #.#
##...# #...
#[# ###..###
#... #.#
#...## #...
#@####.###
#...
#l##...#
#...
#a##.###
#### #.#..#
, #. *
#...##, #.
#..## , ,
#..# .. ,,
#..###.... ,
###.........
*


You could see an iguana and a worker ant.

Vanquished Creatures
  An ogre (D:4)
  A hound (D:4)
  A worker ant (D:4)
  3 adders
  A dart slug (D:3)
  A leopard gecko (D:2)
  10 bats
  4 giant cockroaches
  3 goblins
  7 hobgoblins
  8 jackals
  6 kobolds
  2 frilled lizards
  A leopard gecko skeleton (D:3)
  7 rats
56 creatures vanquished.

Notes
Turn   | Place    | Note
-------+----------+-------------------------------------------
     0 | D:1      | MisterAzrael the Hill Orc Skald began the quest for the
                  | Orb.
     0 | D:1      | Reached XP level 1. HP: 18/18 MP: 3/3
    55 | D:1      | Reached XP level 2. HP: 10/25 MP: 1/4
   314 | D:1      | Reached skill level 3 in Axes
   617 | D:1      | Learned a level 2 spell: Song of Slaying
   819 | D:1      | Reached XP level 3. HP: 30/30 MP: 5/5
  2037 | D:2      | Found a faded altar of an unknown god.
  2479 | D:3      | Reached XP level 4. HP: 31/37 MP: 3/6
  3086 | D:4      | Reached skill level 4 in Axes
  3226 | D:4      | Noticed an ogre
  3245 | D:4      | Reached XP level 5. HP: 8/45 MP: 7/7
  3246 | D:4      | HP: 2/45 [ogre/+0 giant spiked club (11)]
  3249 | D:4      | Killed an ogre
  3252 | D:4      | Reached skill level 5 in Axes
  3252 | D:4      | Reached XP level 6. HP: 4/52 MP: 8/8
  3253 | D:4      | Gained mutation: You are covered in fur. (AC +1) [potion of
                  | mutation]
  3253 | D:4      | Gained mutation: Your magical capacity is low. (-10% MP)
                  | [potion of mutation]
  3253 | D:4      | Gained mutation: You passively map a small area around you.
                  | [potion of mutation]
  3253 | D:4      | Gained mutation: You are covered in thick fur. (AC +2)
                  | [potion of mutation]
  3254 | D:4      | Mangled by an iguana

Illustrated notes

Levels and vault maps discovered:
D:1:      scummos_arrival_gate, layout_rooms
D:2:      layout_basic, chequers_ecumenical_altar_twisty,
          kennysheep_generic_room_14
D:3:      layout_rooms
D:4:      layout_rooms, eat_drink_and_be_merry_uskayaw, first_ration,
          uniq_sigmund, uniq_duvessa

Skill      XL: |  1  2  3  4  5 |
---------------+----------------+-----
Charms         | 3 |  3.9
Axes           | 3 4 5 |  5.0
Fighting       | 3 4 |  4.1
Armour         | |  1.5
Dodging        | |  1.8
Stealth        | |  0.1
Spellcasting   | |  1.8

Action                   |  1- 3 |  4- 6 || total
-------------------------+-------+-------++-------
Melee: Hand axe          |   163 |    57 ||   220
 Cast: Infusion          |     2 |       ||     2
       Song of Slaying   |     3 |     1 ||     4
  Use: Potion            |       |     4 ||     4
       Scroll            |       |     2 ||     2
  Eat: Chunk             |     5 |     3 ||     8
Armor: Leather armour    |    83 |    16 ||    99
Dodge: Dodged            |   160 |    32 ||   192
